 Dungeon Crawl Stone Soup version 0.28-b1-25-g9875b3fc8c (webtiles) character file.

Game seed: 5833109030603016623

265972 sanka the Devastator (level 19, -5/112 HPs)
             Began as a Deep Elf Transmuter on Feb 7, 2022.
             Was the Champion of Vehumet.
             Slain by a vault guard (29 damage)
             ... led by a vault warden
             ... on level 2 of the Vaults on Feb 8, 2022.
             The game lasted 02:59:38 (78763 turns).

sanka the Devastator (Deep Elf Transmuter)         Turns: 78763, Time: 02:59:38

Health: -5/112     AC: 14    Str:  7    XL:     19   Next: 31%
Magic:  1/40       EV: 38    Int: 27    God:    Vehumet [******]
Gold:   2123       SH:  7    Dex: 21    Spells: 4/48 levels left

rFire   + . .      SeeInvis +   a - staff of conjuration
rCold   + + .      Faith    .   w - +1 buckler {rC+}
rNeg    . . .      Spirit   .   G - +1 robe "Voor" {Will+ rCorr SInv}
rPois   .          Reflect  .   e - +0 helmet
rElec   .          Harm     .   s - scarf {rC+ rF+}
rCorr   +          Rampage  .   S - +2 pair of gloves {Stlth+}
Will    ++...                   M - +2 pair of boots
Stlth   +++.......              P - amulet of the acrobat
HPRegen 0.28/turn               Y - +6 ring of dexterity
MPRegen 0.27/turn               n - +4 ring of protection

@: acrobatic
A: no striking features
}: 2/15 runes: barnacled, gossamer
a: Renounce Religion


You were on level 2 of the Vaults.
You worshipped Vehumet.
Vehumet was exalted by your worship.
You visited 7 branches of the dungeon, and saw 34 of its levels.
You also visited: Bailey and Ice Cave.

You collected 3939 gold pieces.
You spent 1816 gold pieces at shops.

Inventory:

Hand Weapons
 b - a +1 double sword of freezing
Armour
 e - a +0 helmet (worn)
 s - a scarf of resistance (worn)
 w - a +1 buckler of cold resistance (worn)
 G - the +1 robe "Voor" (worn) {Will+ rCorr SInv}
   (You found it on level 7 of the Dungeon)

   SInv:      It lets you see invisible.
   rCorr:     It protects you from acid and corrosion.
   Will:      It increases your willpower.
 J - a +0 cloak of poison resistance
 M - a +2 pair of boots (worn)
 S - a +2 pair of gloves of stealth (worn)
Magical Staves
 a - a staff of conjuration (weapon)
 o - a staff of air
Jewellery
 d - a ring of resist corrosion
 n - a +4 ring of protection (right hand)
 u - a ring of wizardry
 P - an amulet of the acrobat (around neck)
 Q - a ring of protection from fire
 X - a ring of see invisible
 Y - a +6 ring of dexterity (left hand)
Wands
 c - a wand of polymorph (24)
 h - a wand of charming (6)
 j - a wand of digging (28)
 I - a wand of paralysis (15)
 R - a wand of flame (56)
 V - a wand of iceblast (20)
Scrolls
 q - a scroll of immolation
 r - 3 scrolls of magic mapping
 x - 3 scrolls of holy word
 z - 11 scrolls of teleportation
 C - 7 scrolls of fog
 H - 2 scrolls of silence
 K - 5 scrolls of fear
 L - 3 scrolls of amnesia
 N - 5 scrolls of blinking
 T - 4 scrolls of enchant weapon
 Z - 2 scrolls of summoning
Potions
 f - 3 potions of flight
 g - 3 potions of cancellation
 i - 4 potions of brilliance
 l - 4 potions of might
 p - a potion of berserk rage {unknown}
 t - a potion of attraction {unknown}
 A - 14 potions of ambrosia
 B - 5 potions of haste
 D - 14 potions of curing
 E - 6 potions of mutation
 O - 5 potions of magic
 W - a potion of resistance {unknown}
Miscellaneous
 k - a phantom mirror
 F - a tin of tremorstones (2/2)


   Skills:
 - Level 10.0 Fighting
 - Level 12.0 Staves
 - Level 15.0 Dodging
 - Level 5.0 Shields
 - Level 2.4 Unarmed Combat
 + Level 15.4 Spellcasting
 - Level 20.0 Conjurations
 - Level 6.0 Transmutations
 - Level 20.0 Fire Magic
 - Level 5.0 Evocations


You had 4 spell levels left.
You knew the following spells:

 Your Spells              Type           Power      Damage    Failure   Level
a - Freezing Cloud        Conj/Ice/Air   35%        6-21      1%          5
b - Starburst             Conj/Fire      57%        6d15      1%          6
c - Irradiate             Conj/Tmut      47%        3d29      1%          5
d - Fireball              Conj/Fire      57%        3d22      0%          5
e - Orb of Destruction    Conj           57%        9d14      1%          7
f - Lehudib's Crystal Sp  Conj/Erth      42%        10d10     61%         8
g - Ignition              Fire           45%        3d13      1%          8

Your spell library contained the following spells:

 Spells                   Type           Power      Damage    Failure   Level
 Magic Dart               Conj           100%       1d8       0%          1
 Searing Ray              Conj           100%       2d8       0%          2
 Beastly Appendage        Tmut           100%       N/A       1%          1
 Shock                    Conj/Air       100%       1d9       1%          1
 Wereblood                Tmut           52%        N/A       1%          2
 Fulminant Prism          Conj/Hex       42%        3d20      1%          4
 Hailstorm                Conj/Ice       84%        3d17      1%          4
 Spider Form              Tmut/Pois      37%        N/A       2%          3
 Animate Skeleton         Necr           40%        N/A       3%          1
 Apportation              Tloc           40%        N/A       3%          1
 Summon Small Mammal      Summ           80%        N/A       3%          1
 Blink                    Tloc           40%        N/A       4%          2
 Ensorcelled Hibernation  Hex/Ice        40%        N/A       4%          2
 Sublimation of Blood     Necr           20%        N/A       4%          2
 Ice Form                 Ice/Tmut       37%        N/A       9%          4
 Petrify                  Tmut/Erth      37%        N/A       9%          4
 Ozocubu's Armour         Ice            20%        N/A       10%         3
 Anguish                  Hex/Necr       10%        N/A       30%         4
 Animate Dead             Necr           10%        N/A       30%         4
 Iskenderun's Battlesphe  Conj           100%       2d15      0%          5
 Conjure Ball Lightning   Conj/Air       42%        3x3d15    2%          6
 Iron Shot                Conj/Erth      42%        9d8       2%          6
 Yara's Violent Unravell  Hex/Tmut       18%        3d9       7%          5
 Fire Storm               Conj/Fire      57%        8d14      22%         9
 Alistair's Intoxication  Tmut/Pois      24%        N/A       26%         5
 Eringya's Noxious Bog    Tmut/Pois      18%        N/A       32%         6
 Borgnjor's Vile Clutch   Necr/Erth      10%        N/A       65%         5
 Manifold Assault         Tloc           20%        N/A       65%         5
 Summon Forest            Summ/Tloc      10%        N/A       65%         5
 Summon Mana Viper        Hex/Summ       20%        N/A       65%         5
 Death Channel            Necr           10%        N/A       99%         6
 Simulacrum               Ice/Necr       10%        N/A       99%         6
 Summon Cactus Giant      Summ           10%        N/A       99%         6
 Ozocubu's Refrigeration  Ice            10%        4d7       99%         7
 Haunt                    Necr/Summ      10%        N/A       100%        7
 Storm Form               Tmut/Air       18%        N/A       100%        7
 Infestation              Necr           10%        N/A       100%        8


Dungeon Overview and Level Annotations

Branches:
Dungeon (15/15)            Temple (1/1) D:4            Lair (6/6) D:8
 Shoals (4/4) Lair:3       Spider (4/4) Lair:2        Slime (0/5) Lair:5
    Orc (2/2) D:11            Elf (0/3) Orc:2        Vaults (2/5) D:14
 Depths (0/4) D:15         Bailey (visited)           IceCv (visited)
  Crypt: Vaults:2-3

Altars:
Ashenzari
Cheibriados
Dithmenos
Elyvilon
Fedhas
Gozag
Hepliaklqana
Kikubaaqudgha
Makhleb
Nemelex Xobeh
Okawaru
Qazlal
Ru
Sif Muna
Trog
Uskayaw
Vehumet
Wu Jian
Xom
Yredelemnul
Zin
The Shining One
Beogh

Shops:
D:7 (   D:12 *   Orc:1 [[?!   Orc:2 :[*((   Vaults:1 (

Annotations:
Lair:1 3 runed translucent doors, Ceckukk's ghost, journeyman GrEE


Message History

The ironbound preserver moves out of view.
The vault guard moves out of view.
A wizard comes into view. It is wielding a +0 dagger.
You close the door.
A vault guard opens the door.
The wizard moves out of view.
You feel much better.
The ironbound convoker casts a spell at the vault guard.
The vault guard seems to grow stronger.
You hear a shout! x2
Casting: Orb of Destruction (mildly dangerous; 1% risk of failure)
Confirm with . or Enter, or press ? or * to list all spells.
Casting: Starburst (safe; 1% risk of failure)
Press: ? - help, Dir - look around, f - activate You feel a surge of power!
The bolt of fire hits the vault guard!!!
The vault guard is severely wounded.
The bolt of fire hits the ironbound convoker!!!
You kill the ironbound convoker!
Vehumet accepts your kill.
You feel your power returning.
You hear a shout!
You hear a horrible gurgling sound!
The vault guard misses you.
Unknown command.
Unknown command.
Casting: Starburst (safe; 1% risk of failure)
Confirm with . or Enter, or press ? or * to list all spells.
Casting: Starburst (safe; 1% risk of failure)
Press: ? - help, Dir - look around, f - activate You feel a surge of power!
The bolt of fire misses the vault guard.
You hear a shout! x2
The vault guard hits you with a +2 antimagic long sword!!
* * * LOW HITPOINT WARNING * * *
You feel your power leaking away.
A yaktaur comes into view.
You hear a horrible gurgling sound! x3
Unknown command.
A white ugly thing and a vault warden come into view.
Found a chain mail.
The vault guard hits you with a +2 antimagic long sword!!
You die...

#.#.# #(. #.#
#.#.'.##'##.#
#.#(#))).)'.#
#.###.cc###.#
#.#.....#(#.#
#.##+##.'.#.#
#.#:$!#.#c#.#
#.#########p#
#.....(@....#
#######p#####
.... #).p.p
#..c...
#..p....
#...p...#
####u####


You could see an ironbound preserver, a vault warden, 2 vault guards, a white
ugly thing, a vault sentinel, a yaktaur and a wizard.

Vanquished Creatures
  Jorgrun (Orc:1)
  Rupert (D:14)
  A titan (Shoals:4)
  Polyphemus (Shoals:4)
  A kraken (Shoals:2)
  A sphinx (Vaults:1)
  4 emperor scorpions
  2 frost giants
  3 ghost moths
  2 vault wardens (Vaults:1)
  Aizul (Shoals:1)
  2 ironbound preservers (Vaults:1)
  Louise (D:15)
  6 broodmothers
  A stone giant (Vaults:1)
  An ironbound thunderhulk (Vaults:1)
  Nessos (D:14)
  3 spark wasps
  6 entropy weavers
  Snorg (D:14)
  An ettin (Vaults:1)
  5 merfolk javelineers
  A great orb of eyes (D:15)
  2 fire dragons
  11 merfolk impalers
  2 yaktaur captains
  3 boulder beetles
  An ice dragon (Shoals:1)
  2 rakshasas (D:15)
  13 hydras
  2 jorogumos (Spider:4)
  A catoblepas (Shoals:4)
  3 ironbound frosthearts (Vaults:1)
  3 radroaches
  2 merfolk aquamancers
  An alligator snapping turtle (Shoals:3)
  A death knight (D:15)
  11 centaur warriors
  4 two-headed ogres
  4 merfolk avatars
  2 dancing weapons (D:14)
  9 satyrs
  19 death yaks
  An orc high priest (Orc:1)
  2 sun moths
  15 orb spiders
  8 pharaoh ants
  7 steelbarb worms
  A glowing orange brain (Vaults:1)
  12 sea snakes
  A lindwurm (Lair:6)
  2 wizards
  10 deep trolls (Vaults:1)
  22 harpies
  12 ugly things
  A deep elf pyromancer (D:13)
  23 wolf spiders
  2 ironbound convokers
  6 orc knights
  11 cyclopes
  36 fauns
  11 manticores
  2 moths of wrath
  7 black mambas
  3 vault sentinels
  An ice statue (IceCv)
  13 water nymphs
  11 merfolk sirens
  6 elephants (Lair:6)
  Maurice (D:8)
  3 molten gargoyles (Lair:6)
  A gargoyle (D:13)
  8 torpor snails
  11 cane toads
  2 efreet
  5 demonic crawlers
  6 rime drakes
  13 komodo dragons
  14 yaktaurs
  2 kobold demonologists
  A queen bee (D:15)
  8 polar bears
  2 ice devils (Lair:1)
  13 meliai
  36 merfolk
  3 hornets
  6 trolls
  15 slime creatures
  22 tarantellas
  2 dream sheep (Lair:4)
  11 wind drakes
  16 blink frogs
  8 snapping turtles
  3 meliai zombies (D:11)
  30 jumping spiders
  Sigmund (D:5)
  2 air elementals (Shoals:4)
  19 culicivoras
  29 water elementals
  3 shadows
  52 yaks
  7 basilisks
  10 wyverns
  2 wraiths
  5 spriggans (Bailey)
  2 humans (D:8)
  9 vampire mosquitoes
  4 steam dragons
  39 redbacks
  3 wargs (Orc:1)
  Duvessa (D:5)
  21 water moccasins
  5 hell hounds (Lair:6)
  An ice beast (D:5)
  A sky beast (D:7)
  39 orc warriors
  3 black bears
  A necrophage (D:7)
  14 ogres
  A boggart (shapeshifter) (Vaults:1)
  6 wolves (IceCv)
  18 centaurs
  2 phantoms (D:4)
  21 bullfrogs
  A gnoll sergeant (D:5)
  3 kobold brigands
  2 scorpions
  A water moccasin zombie (D:7)
  44 killer bees
  2 electric eels (D:10)
  4 howler monkeys
  2 bullfrog zombies
  5 lava snakes (Lair:6)
  12 centaur zombies
  16 orc priests
  3 gnoll shamans
  4 hounds
  Crazy Yiuf (D:2)
  A bullfrog skeleton (D:6)
  3 iguanas
  Terence (D:2)
  17 orc wizards
  4 howler monkey zombies (D:11)
  17 gnolls
  12 adders
  A white imp (D:4)
  2 ufetubi (D:4)
  3 adder skeletons
  A worm (D:2)
  A dart slug (D:1)
  79 orcs
  5 bats
  An endoplasm (shapeshifter) (D:15)
  6 endoplasms
  2 giant cockroaches
  11 goblins
  6 hobgoblins
  13 kobolds
  6 quokkas
  9 ball pythons
  A frilled lizard (D:2)
  9 rats
  A bush (Shoals:1)
  3 tentacles (Shoals:2)
1247 creatures vanquished.

Vanquished Creatures (others)
  A polar bear (IceCv)
  A tarantella (Spider:1)
  An orc warrior (Orc:2)
  An orc wizard (Orc:2)
  5 orcs (Orc:2)
  3 bushes
  24 fungi
  73 plants
  5 tentacles (Shoals:2)
114 creatures vanquished.

Grand Total: 1361 creatures vanquished

Notes
Turn   | Place    | Note
-------+----------+-------------------------------------------
     0 | D:1      | sanka the Deep Elf Transmuter began the quest for the Orb.
     0 | D:1      | Reached XP level 1. HP: 11/11 MP: 6/6
   521 | D:1      | Reached XP level 2. HP: 16/16 MP: 7/9
  1743 | D:2      | Reached XP level 3. HP: 14/20 MP: 9/11
  2030 | D:2      | Reached skill level 5 in Spellcasting
  2188 | D:2      | Noticed Terence
  2206 | D:2      | Killed Terence
  2207 | D:2      | Reached XP level 4. HP: 24/24 MP: 11/13
  2474 | D:2      | Found a faded altar of an unknown god.
  2673 | D:2      | Found a runed translucent door.
  2674 | D:2      | Noticed Crazy Yiuf
  3025 | D:2      | Learned a level 3 spell: Spider Form
  4294 | D:4      | Noticed a kobold brigand
  4309 | D:4      | Killed a kobold brigand
  4310 | D:4      | Reached skill level 5 in Transmutations
  4310 | D:4      | Reached XP level 5. HP: 28/28 MP: 12/14
  4325 | D:4      | Learned a level 5 spell: Irradiate
  4427 | D:4      | Noticed a phantom
  4714 | D:4      | Reached skill level 1 in Conjurations
  4991 | D:4      | Reached XP level 6. HP: 24/33 MP: 16/16
  5101 | D:4      | Found a staircase to the Ecumenical Temple.
  5116 | Temple   | Entered the Ecumenical Temple
  5354 | Temple   | Became a worshipper of Vehumet
  5683 | D:5      | Entered Level 5 of the Dungeon
  6488 | D:4      | Reached XP level 7. HP: 20/37 MP: 18/18
  6799 | D:5      | Noticed Sigmund
  6957 | D:5      | Killed Sigmund
  7178 | D:5      | Reached skill level 5 in Conjurations
  7368 | D:5      | Noticed Dowan
  8191 | D:5      | Reached XP level 8. HP: 42/42 MP: 19/21
  9028 | D:5      | Noticed Duvessa
  9047 | D:5      | Killed Duvessa
  9240 | D:5      | Noticed Dowan
  9240 | D:5      | Dowan changed into Dowan the gnoll
  9253 | D:5      | Killed Dowan the gnoll
  9380 | D:6      | Identified the amulet of Bekiluny {Spirit Harm Dex+3}
  9606 | D:6      | Noticed a two-headed ogre
 11550 | D:7      | Reached XP level 9. HP: 28/46 MP: 23/23
 11684 | D:7      | Found Qeeshrah's Weapon Boutique.
 11803 | D:7      | Reached skill level 10 in Conjurations
 12069 | D:7      | Identified the +1 robe "Voor" {Will+ rCorr SInv}
 12472 | D:7      | Reached * piety under Vehumet
 12472 | D:7      | Offered knowledge of Freeze by Vehumet.
 13458 | D:8      | Noticed Maurice
 13698 | D:8      | Killed Maurice
 13848 | D:8      | Found a staircase to the Lair.
 13848 | D:8      | Noticed a death yak
 13848 | D:8      | Noticed a death yak
 13850 | D:8      | Noticed a death yak
 14011 | D:8      | Noticed a two-headed ogre
 14024 | D:8      | Killed a two-headed ogre
 14025 | D:8      | Reached XP level 10. HP: 41/51 MP: 13/24
 14118 | D:8      | Learned a level 5 spell: Fireball
 14126 | D:8      | Learned a level 7 spell: Orb of Destruction
 14253 | D:8      | Offered knowledge of Sandblast by Vehumet.
 14369 | D:8      | Reached ** piety under Vehumet
 15195 | D:7      | Killed a death yak
 15308 | D:7      | Learned a level 5 spell: Iskenderun's Battlesphere
 15409 | D:8      | Found an iron altar of Okawaru.
 15823 | D:8      | Reached skill level 1 in Fire Magic
 16506 | D:8      | Killed a death yak
 16667 | D:8      | Killed a death yak
 16668 | D:8      | Reached skill level 15 in Conjurations
 17031 | D:9      | Reached XP level 11. HP: 34/55 MP: 20/26
 17065 | D:9      | Found a flagged portal.
 17166 | Bailey   | Entered a bailey
 17276 | Bailey   | Reached skill level 10 in Spellcasting
 17289 | Bailey   | Noticed a two-headed ogre
 17301 | Bailey   | Killed a two-headed ogre
 17461 | Bailey   | Offered knowledge of Scorch by Vehumet.
 17464 | Bailey   | Reached skill level 1 in Fighting
 18023 | D:9      | Reached *** piety under Vehumet
 18150 | D:10     | Entered Level 10 of the Dungeon
 18953 | D:10     | Reached skill level 5 in Dodging
 19743 | D:11     | Found a staircase to the Orcish Mines.
 19893 | D:11     | Noticed an orc knight
 20019 | D:11     | Killed an orc knight
 20200 | D:11     | Offered knowledge of Ignite Poison by Vehumet.
 20203 | D:11     | Noticed a two-headed ogre
 20206 | D:11     | Killed a two-headed ogre
 20809 | D:11     | Reached skill level 10 in Dodging
 21036 | D:11     | Reached XP level 12. HP: 63/64 MP: 15/28
 21190 | D:11     | Found a basalt altar of Yredelemnul.
 21400 | D:11     | Reached skill level 5 in Fire Magic
 21817 | Lair:1   | Entered Level 1 of the Lair of Beasts
 21817 | Lair:1   | Found a runed translucent gate.
 21817 | Lair:1   | Found a runed translucent gate.
 21817 | Lair:1   | Found a runed translucent gate.
 21896 | Lair:1   | Noticed Ceckukk's ghost (journeyman GrEE)
 22009 | Lair:1   | Reached **** piety under Vehumet
 22030 | Lair:1   | Found a frozen archway.
 22098 | IceCv    | Entered an ice cave
 22524 | IceCv    | Offered knowledge of Frozen Ramparts by Vehumet.
 22592 | IceCv    | Noticed a death yak
 22596 | IceCv    | Killed a death yak
 22708 | IceCv    | Noticed a death yak
 22708 | IceCv    | Noticed a death yak
 22719 | IceCv    | Killed a death yak
 22732 | IceCv    | Killed a death yak
 22968 | IceCv    | Noticed a death yak
 22983 | IceCv    | Killed a death yak
 23121 | IceCv    | Noticed a death yak
 23125 | IceCv    | Killed a death yak
 23315 | IceCv    | Noticed a death yak
 23315 | IceCv    | Noticed a death yak
 23322 | IceCv    | Killed a death yak
 23325 | IceCv    | Killed a death yak
 23437 | IceCv    | Noticed a frost giant
 23437 | IceCv    | Noticed a death yak
 23820 | IceCv    | Reached XP level 13. HP: 60/70 MP: 25/31
 23990 | IceCv    | Killed a frost giant
 25348 | Lair:1   | Found the +8 whip "Snakebite" {venom, curare, rPois}
 25680 | Lair:2   | Reached ***** piety under Vehumet
 25778 | Lair:2   | Offered knowledge of Fulminant Prism by Vehumet.
 26108 | Lair:2   | Reached skill level 5 in Fighting
 26222 | Lair:2   | Found a hole to the Spider Nest.
 28892 | Lair:3   | Found a staircase to the Shoals.
 29390 | Lair:4   | You fall into a shaft and drop 2 floors!
 29390 | Lair:6   | Entered Level 6 of the Lair of Beasts
 30057 | Lair:4   | Reached XP level 14. HP: 82/82 MP: 27/32
 32319 | Lair:5   | Found a staircase to the Slime Pits.
 34638 | Lair:6   | Reached skill level 15 in Dodging
 36127 | Lair:6   | Found a large runed translucent door.
 36128 | Lair:6   | Found a large runed translucent door.
 36665 | Orc:1    | Entered Level 1 of the Orcish Mines
 36803 | Orc:1    | Found Bauzad's Magic Scroll Shop.
 37039 | Orc:1    | You fall into a shaft and drop 1 floor!
 37039 | Orc:2    | Entered Level 2 of the Orcish Mines
 37047 | Orc:2    | Found Buess's Book Boutique.
 37047 | Orc:2    | Found a staircase to the Elven Halls.
 37049 | Orc:2    | Noticed Jorgrun
 37411 | Orc:1    | Found Afiox's Distillery.
 37441 | Orc:1    | Found Lukluth's Armour Boutique.
 37477 | Orc:1    | Reached skill level 10 in Fighting
 37735 | Orc:2    | Offered knowledge of Freezing Cloud by Vehumet.
 37739 | Orc:1    | Killed Jorgrun
 38638 | Orc:1    | Learned a level 5 spell: Freezing Cloud
 40326 | Orc:2    | Reached XP level 15. HP: 92/92 MP: 15/33
 40608 | Orc:2    | Found Xiesuqev's General Store.
 40608 | Orc:2    | Found Hiwouss's Weapon Emporium.
 40610 | Orc:2    | Found Xuffean's Antique Weapon Shoppe.
 40612 | Orc:2    | Found Kukam's Antique Armour Shop.
 40649 | Orc:1    | Found Gappadih's Antique Armour Emporium.
 41040 | Orc:2    | Bought a book of Fire for 660 gold pieces
 41047 | Orc:2    | Learned a level 6 spell: Starburst
 41078 | Orc:2    | Bought a pair of glowing boots for 157 gold pieces
 41122 | Orc:1    | Bought a runed buckler for 255 gold pieces
 41497 | D:12     | Reached skill level 1 in Shields
 41622 | D:12     | Offered knowledge of Lightning Bolt by Vehumet.
 42386 | D:12     | Found Homarh Cafu's General Store.
 42732 | D:12     | Found Homarh Cafu's General Store.
 44235 | D:13     | Identified the +6 spear "Kumuocoz" {drain, *Noise rPois
                  | rCorr Str+4}
 45198 | D:14     | Found a hazy altar of Hepliaklqana.
 45647 | D:14     | Noticed Rupert
 45653 | D:14     | Killed Rupert
 45769 | D:14     | Found a hide-covered altar of Uskayaw.
 45787 | D:14     | Noticed Nessos
 45796 | D:14     | Killed Nessos
 46122 | D:14     | Found a gate to the Vaults.
 46200 | D:14     | Noticed Snorg
 46204 | D:14     | Killed Snorg
 46752 | D:2      | Killed Crazy Yiuf
 47099 | D:15     | Entered Level 15 of the Dungeon
 47108 | D:15     | Reached skill level 5 in Shields
 47296 | D:15     | Found a radiant altar of Vehumet.
 47440 | D:15     | Reached skill level 10 in Fire Magic
 47457 | D:15     | Paralysed by a great orb of eyes for 4 turns
 48924 | D:15     | Noticed Louise
 48928 | D:15     | Killed Louise
 49724 | D:15     | Found a staircase to the Depths.
 49891 | Orc:1    | Bought a +0 pair of gloves of stealth for 195 gold pieces
 50096 | Spider:1 | Entered Level 1 of the Spider Nest
 50850 | Spider:1 | Offered knowledge of Iron Shot by Vehumet.
 51102 | Spider:1 | Learned a level 6 spell: Iron Shot
 51602 | Spider:1 | Reached XP level 16. HP: 97/97 MP: 20/35
 55470 | Spider:3 | Reached skill level 15 in Fire Magic
 57371 | Spider:3 | Identified a scroll of acquirement
 57379 | Spider:3 | Offered knowledge of Lee's Rapid Deconstruction by Vehumet.
 58096 | Spider:4 | Entered Level 4 of the Spider Nest
 59169 | Spider:3 | Acquired a staff of conjuration
 59479 | Spider:4 | Reached skill level 1 in Staves
 59479 | Spider:4 | Reached skill level 1 in Evocations
 59559 | Spider:4 | Reached XP level 17. HP: 102/102 MP: 30/36
 60965 | Spider:4 | Reached skill level 5 in Evocations
 61036 | Spider:4 | Learned a level 8 spell: Ignition
 61543 | Spider:4 | Offered knowledge of Spellforged Servitor by Vehumet.
 62283 | Spider:4 | Reached skill level 5 in Staves
 62440 | Spider:4 | Got a gossamer rune of Zot
 62657 | Shoals:1 | Entered Level 1 of the Shoals
 63606 | Shoals:1 | Noticed Aizul
 63612 | Shoals:1 | Killed Aizul
 64819 | Orc:2    | Bought a potion of flight for 39 gold pieces
 65957 | Shoals:2 | Offered knowledge of Lehudib's Crystal Spear by Vehumet.
 66120 | Shoals:2 | Noticed a kraken
 66130 | Shoals:2 | Killed a kraken
 67254 | Shoals:3 | Reached XP level 18. HP: 107/107 MP: 22/37
 68672 | Shoals:3 | Learned a level 8 spell: Lehudib's Crystal Spear
 69107 | Shoals:4 | Entered Level 4 of the Shoals
 69944 | Shoals:4 | Paralysed by an air elemental for 1 turns
 70800 | Shoals:4 | Reached skill level 10 in Staves
 71730 | Shoals:4 | Reached ****** piety under Vehumet
 73558 | Shoals:4 | Noticed Polyphemus
 73563 | Shoals:4 | Killed Polyphemus
 73796 | Shoals:4 | Got a barnacled rune of Zot
 73920 | Shoals:4 | Got Sif Muna's Grimoire of the Oath and Sinister Rituals
 74508 | Vaults:1 | Entered Level 1 of the Vaults
 75110 | Vaults:1 | Reached XP level 19. HP: 109/112 MP: 19/39
 76140 | Orc:2    | Bought the Grimoire of Battle Magic for 510 gold pieces
 76962 | Vaults:1 | Found Wakab's Weapon Boutique.
 77541 | Vaults:1 | Reached skill level 15 in Spellcasting
 78369 | Shoals:1 | Identified the +1 animal skin of Disappointment {Dex+4}
 78763 | Vaults:2 | Slain by a vault guard

Illustrated notes

Levels and vault maps discovered:
D:1:      onia_arrival_pyramid, layout_loops_ring, serial_forest,
          infiniplex_forest_lined_2, infiniplex_forest_end_2,
          infiniplex_forest_zigzag_1, infiniplex_forest_join,
          infiniplex_forest_clump_C
D:2:      layout_loops_ring, hellmonk_ecumenical_altar_arch_garden,
          uniq_terence, uniq_crazy_yiuf_cottage
D:3:      layout_basic
D:4:      layout_basic, minmay_temple_entry_glassed_door, grunt_ministairs_2,
          minmay_stone_trees_small
D:5:      layout_layer_cave, kennysheep_generic_room_11, uniq_duvessa,
          uniq_sigmund
D:6:      layout_loops_corners, minmay_misc_feat_more_columns,
          kennysheep_pointless_box
D:7:      layout_loops_ring, serial_shops, nicolae_shop_bloodbath_and_beyond
D:8:      layout_gridville, okawaru_humans, dpeg_lair_monsters,
          hangedman_decor_growths, uniq_maurice
D:9:      layout_rooms, enter_bailey_3, dk_rats_in_the_wall
D:10:     layout_loops_corners, serial_bayou, serial_bayou_shore_a,
          serial_bayou_pond_a, serial_bayou_ford_a, serial_bayou_crossing
D:11:     layout_long_grid, david_orc_5, nicolae_yredelemnul_corpse_copse
D:12:     layout_layer_cave, serial_shops, shop
D:13:     layout_cave_pods, drop_trap, minmay_fractal_squares_gapless_5
D:14:     layout_basic, erik_vaults_1, nicolae_hepliaklqana_hippocampus,
          drop_trap, eat_drink_and_be_merry_uskayaw, uniq_snorg, uniq_rupert,
          uniq_nessos
D:15:     gammafunk_enter_depths_forms, layout_loops_ring, fiery_altar_vehumet,
          special_room [special_room_bee], nicolae_underground_beach,
          uniq_louise
Temple:   mainiacjoe_temple_archimedes_tessellation
Lair:1:   minmay_guarded_unrand_snakebite, layout_chaotic_city,
          gammafunk_ghost_icy, portal_ice_cave_demonic_guard, lemuel_fruit_tree,
          serial_bayou_shore_b, serial_bayou_shore_b
Lair:2:   nzn_winding_woodlands_small [nzn_winding_woodlands_5x15_longhouse,
          nzn_winding_woodlands_center_lodge,
          nzn_winding_woodlands_5x15_default], layout_cave_pods,
          spider_nest_entry_webs
Lair:3:   layout_regular_city, elwin_shoals_entry_rooms, grunt_megastairs_5
Lair:4:   layout_gridlike, infiniplex_staircase_pool, grunt_megastairs_2
Lair:5:   layout_cave_pods, slime_dummy
Lair:6:   cheibrodos_lair_end_hotspot, layout_layer_cave
Shoals:1: argonaut_golden_fleece, layout_shoals, uniq_aizul
Shoals:2: layout_shoals
Shoals:3: cheibrodos_shoals_epimethial_gifts, layout_shoals, st_cyclops
Shoals:4: shoals_end_hellmonk_storm_palace [storm_palace_center_square,
          storm_palace_corner_reverse_hut, storm_palace_corner_pillars,
          storm_palace_corner_narrow, storm_palace_corner_reverse_hut],
          uniq_polyphemus
Spider:1: layout_chambers, hangedman_spider_trapstep
Spider:2: layout_chambers
Spider:3: layout_spider_delve
Spider:4: hellmonk_spider_rune_endless_swarm
Orc:1:    layout_caves, serial_shops, shop, shop_statue, shop,
          nicolae_shop_waterfront, kennysheep_orc_chapel
Orc:2:    st_orc_rangers, layout_caves, serial_shops, shop,
          nicolae_orc_sculptors_studio, uniq_jorgrun
Vaults:1: nicolae_vaults_fighting_squares, nicolae_vaults_big_angled_halls,
          nicolae_vaults_angled_halls, hangedman_vaults_slice,
          ontoclasm_vaults_claustrophobia, nicolae_vaults_hallways_thing,
          nicolae_vaults_little_squares_6, vaults_room_fancy_cross,
          vaults_mumra_chevron_long, nicolae_vaults_little_squares_6,
          v_alt_pattern_4, ontoclasm_vaults_chip, ontoclasm_vaults_pinch,
          vaults_dpeg_hooks, layout_vaults_ring, serial_shops,
          nicolae_shop_temple_entry_statues_fountains
Vaults:2: nicolae_vaults_windows_and_doors_thing, nicolae_vaults_arrows,
          layout_vaults_maze_bifur

Skill      XL: |  1  2  3  4  5  6  7  8  9 10 11 12 13 14 15 16 17 18 19 |
---------------+----------------------------------------------------------+-----
Spellcasting   | 4 5 6 7 8 9 10 12 13 14 15 | 15.4
Transmutations | 3 5 6 |  6.0
Conjurations   | 1 3 6 9 13 15 17 18 19 20 | 20.0
Fire Magic     | 3 4 6 12 17 19 20 | 20.0
Fighting       | 3 7 10 | 10.0
Dodging        | 10 13 15 | 15.0
Shields        | 5 |  5.0
Staves         | 1 8 11 12 | 12.0
Evocations     | 1 5 |  5.0
Unarmed Combat | |  2.4

Action                   |  1- 3 |  4- 6 |  7- 9 | 10-12 | 13-15 | 16-18 | 19-21 || total
-------------------------+-------+-------+-------+-------+-------+-------+-------++-------
Melee: Unarmed           |    61 |       |       |     1 |       |       |       ||    62
       Kick              |    24 |    16 |       |       |       |       |       ||    40
       Headbutt          |     9 |    14 |       |       |       |       |       ||    23
       Dagger            |    42 |   161 |   241 |   194 |       |       |       ||   638
       Punch             |     4 |     9 |    10 |    12 |       |       |       ||    35
       Flail             |       |     3 |    27 |    23 |    37 |       |       ||    90
       Trident           |       |    16 |    87 |    58 |       |       |       ||   161
       Double sword      |       |       |       |       |   233 |    42 |       ||   275
       Staff             |       |       |       |       |       |   142 |    35 ||   177
 Cast: Beastly Appendage |    21 |    10 |       |       |       |       |       ||    31
       Irradiate         |       |       |    12 |    45 |   101 |    73 |     3 ||   234
       Fireball          |       |       |       |   125 |    10 |    41 |       ||   176
       Iskenderun's Batt |       |       |       |    10 |       |       |       ||    10
       Orb of Destructio |       |       |       |    16 |   333 |   431 |    42 ||   822
       Freezing Cloud    |       |       |       |       |     5 |    35 |     6 ||    46
       Starburst         |       |       |       |       |    58 |    95 |    18 ||   171
Evoke: Wand              |       |     4 |     8 |       |     1 |     3 |       ||    16
  Use: Potion            |       |     1 |     7 |     1 |     1 |     1 |     2 ||    13
       Scroll            |       |     2 |     4 |     8 |    11 |     8 |     2 ||    35
 Stab: Sleeping          |     1 |     1 |     1 |       |     2 |       |       ||     5
Armor: Robe              |    18 |    74 |   132 |   219 |    99 |    79 |    17 ||   638
       Steam dragon scal |       |       |       |     2 |       |       |       ||     2
Dodge: Dodged            |    64 |   131 |   237 |   398 |   782 |   454 |    69 ||  2135
Block: Buckler           |       |       |       |       |   208 |   173 |    30 ||   411
